 Dungeon Crawl Stone Soup version 0.28.0-45-g0d030f2227 (webtiles) character file.

Game seed: 15362954332422259466

2620 Peloso the Carver (level 9, -8/79 HPs)
             Began as a Minotaur Fighter on Apr 24, 2022.
             Was a Priest of Okawaru.
             Mangled by a troll (10 damage)
             ... on level 8 of the Dungeon.
             The game lasted 00:18:23 (9082 turns).

Peloso the Carver (Minotaur Fighter)                Turns: 9082, Time: 00:18:24

Health: -8/79      AC: 17    Str: 23    XL:     9   Next: 34%
Magic:  8/8        EV:  7    Int:  5    God:    Okawaru [***...]
Gold:   300        SH:  5    Dex: 12    Spells: 8/8 levels left

rFire   . . .      SeeInvis .   a - +0 long sword
rCold   . . .      Faith    .   c - +0 buckler
rNeg    . . .      Spirit   .   z - +0 plate armour
rPois   .          Reflect  .   p - +1 hat
rElec   .          Harm     .   n - +0 cloak
rCorr   .          Rampage  .   (no gloves)
Will    .....                   e - +0 pair of boots
Stlth   ..........              (no amulet)
HPRegen 0.23/turn               (no ring)
MPRegen 0.11/turn               (no ring)

@: no status effects
A: horns 2, retaliatory headbutt
a: Renounce Religion, Heroism


You were on level 8 of the Dungeon.
You worshipped Okawaru.
Okawaru was most pleased with you.
You visited 2 branches of the dungeon, and saw 9 of its levels.

You collected 300 gold pieces.

Inventory:

Hand Weapons
 a - a +0 long sword (weapon)
Missiles
 C - a throwing net (quivered)
Armour
 b - a +0 scale mail
 c - a +0 buckler (worn)
 e - a +0 pair of boots (worn)
 n - a +0 cloak (worn)
 p - a +1 hat (worn)
 z - a +0 plate armour (worn)
Jewellery
 j - a ring of protection from fire
 o - a +6 ring of intelligence
 x - a +4 ring of evasion
Wands
 m - a wand of digging (7)
 y - a wand of flame (12)
Scrolls
 f - 3 scrolls of fog
 i - 2 scrolls of identify
 k - a scroll of holy word {unknown}
 r - 2 scrolls of noise
 s - a scroll of enchant armour
 t - 3 scrolls of teleportation
 u - a scroll of summoning {unknown}
 w - a scroll of brand weapon {unknown}
 A - a scroll of amnesia {unknown}
Potions
 d - a potion of might
 g - a potion of invisibility
 h - 4 potions of mutation
 l - a potion of heal wounds
 q - 2 potions of curing
 v - a potion of flight {unknown}
 B - a potion of degeneration {unknown}


   Skills:
 + Level 7.1 Fighting
 + Level 9.9 Long Blades
 + Level 8.3 Armour
 + Level 2.5 Dodging
 + Level 1.7 Stealth
 + Level 6.5 Shields
 + Level 0.2 Invocations


You had 8 spell levels left.
You didn't know any spells.
Your spell library contained the following spells:

 Spells                   Type           Power      Damage    Failure   Level
 Summon Small Mammal      Summ           Unusable   N/A       N/A         1
 Call Canine Familiar     Summ           Unusable   N/A       N/A         3
 Summon Guardian Golem    Hex/Summ       Unusable   N/A       N/A         3

Dungeon Overview and Level Annotations

Branches:
Dungeon (8/15)             Temple (1/1) D:5
   Lair: D:8-11

Altars:
Ashenzari
Cheibriados
Dithmenos
Elyvilon
Fedhas
Gozag
Hepliaklqana
Kikubaaqudgha
Makhleb
Nemelex Xobeh
Okawaru
Qazlal
Ru
Sif Muna
Trog
Uskayaw
Vehumet
Wu Jian
Xom
Yredelemnul
Zin
The Shining One

Shops:
D:1 !?*(   D:4 ([

Annotations:
D:4 2 transporters, 101zpm's ghost, novice GnAE
D:5 2 transporters, manix's ghost, novice KoAM


Innate Abilities, Weirdness & Mutations

You have a pair of horns on your head.
You reflexively headbutt those who attack you in melee.


Message History

The troll claws you but does no damage. The troll claws you.
You hit the troll.
The troll is lightly wounded.
The troll bites you but does no damage. The troll claws you but does no damage.
The troll closely misses you.
You closely miss the troll. You headbutt the troll!
The troll is moderately wounded.
The troll bites you but does no damage. The troll claws you but does no damage.
The troll closely misses you.
You hit the troll.
The troll is moderately wounded.
The troll bites you! You block the troll's attack.
The troll claws you but does no damage.
You slash the troll! You headbutt the troll!
The troll is almost dead.
The troll bites you! The troll barely misses you.
The troll claws you but does no damage.
You barely miss the troll.
The troll is almost dead.
The troll bites you! The troll closely misses you.
The troll claws you but does no damage.
You closely miss the troll.
The troll is almost dead.
The troll barely misses you. x2; You block the troll's attack.
You closely miss the troll. Your headbutt misses the troll.
The troll is almost dead.
The troll bites you. The troll claws you.
* * * LOW HITPOINT WARNING * * *
You block the troll's attack.
You closely miss the troll.
The troll is almost dead.
The troll bites you!
* * * LOW HITPOINT WARNING * * *
You block the troll's attack. The troll claws you but does no damage.
You hit the troll.
The troll is almost dead.
The troll bites you!
* * * LOW HITPOINT WARNING * * *
The troll claws you!
You die...

)##.#.#.# #...#
.##.#.#.###...##########
.##.....................
(##.#...................
.##.#...#.....#.####....
.##.#.#.#.....#(## ## #
#.#.#..........#
#.............T# #.#
#.#.#..####...@###.###
#.#...................
#.#.###.###....###.### #.#.#
#..##.#..# #.# #.#.#
##.##.#..# #.#
###.#.####.)#.#..# #.######.
............(....###........
#.#.#.#####.#...............
#.#.#.# #....#.###........


You could see a troll.

Vanquished Creatures
  A troll (D:6)
  Grinder (D:4)
  Sigmund (D:6)
  Menkaure (D:6)
  An ice beast (D:6)
  3 sky beasts
  An orc warrior (D:7)
  An ogre (D:5)
  A centaur (D:8)
  2 bullfrogs (D:7)
  A wyvern skeleton (D:5)
  A water moccasin skeleton (D:5)
  3 killer bees (D:7)
  A howler monkey (D:4)
  A bullfrog zombie (D:7)
  3 jellies
  Crazy Yiuf (D:3)
  3 centaur skeletons
  6 hounds
  3 orc priests
  3 iguanas
  Natasha (D:3)
  Ijyb (D:3)
  4 orc wizards
  A killer bee zombie (D:8)
  A hound skeleton (D:4)
  A howler monkey skeleton (D:5)
  7 adders
  2 shadow imps
  A white imp (D:3)
  An ufetubus (D:6)
  14 orcs
  6 ball pythons
  10 endoplasms
  4 giant cockroaches
  8 goblins
  7 hobgoblins
  6 jackals
  16 kobolds
  A quokka (D:2)
  5 bats
  3 frilled lizards
  10 rats
149 creatures vanquished.

Vanquished Creatures (others)
  11 fungi
  10 plants
  7 toadstools (D:4)
28 creatures vanquished.

Grand Total: 177 creatures vanquished

Notes
Turn   | Place    | Note
-------+----------+-------------------------------------------
     0 | D:1      | Peloso the Minotaur Fighter began the quest for the Orb.
     0 | D:1      | Reached XP level 1. HP: 19/19 MP: 0/0
    82 | D:1      | Found Reliompo's Antique Weapon Shoppe.
   285 | D:1      | Reached XP level 2. HP: 27/27 MP: 1/1
   332 | D:1      | Found Afferem's Magic Scroll Emporium.
   517 | D:1      | Found Xam Imod's General Store.
   847 | D:1      | Found Xife's Distillery.
  1062 | D:2      | Reached XP level 3. HP: 28/33 MP: 2/2
  2397 | D:3      | Reached XP level 4. HP: 41/41 MP: 3/3
  2585 | D:3      | Noticed Ijyb
  2594 | D:3      | Killed Ijyb
  2595 | D:3      | Reached skill level 3 in Long Blades
  2946 | D:3      | Found a faded altar of an unknown god.
  2990 | D:3      | Reached XP level 5. HP: 47/47 MP: 4/4
  3403 | D:3      | Found a runed translucent door.
  3404 | D:3      | Noticed Crazy Yiuf
  3410 | D:3      | Killed Crazy Yiuf
  3411 | D:3      | Reached skill level 5 in Armour
  3700 | D:4      | Noticed Natasha
  3712 | D:3      | Killed Natasha
  3768 | D:4      | Reached skill level 4 in Long Blades
  4040 | D:4      | Noticed Grinder
  4049 | D:4      | Killed Grinder
  4050 | D:4      | Reached skill level 5 in Fighting
  4050 | D:4      | Reached skill level 5 in Long Blades
  4050 | D:4      | Reached skill level 1 in Dodging
  4050 | D:4      | Reached skill level 5 in Shields
  4050 | D:4      | Reached XP level 6. HP: 33/56 MP: 5/5
  4309 | D:4      | Reached XP level 7. HP: 55/61 MP: 6/6
  4421 | D:4      | Found a transporter.
  4450 | D:4      | Noticed 101zpm's ghost (novice GnAE)
  4467 | D:4      | Found Leitror's Antique Weapon Emporium.
  4479 | D:4      | Found Fapsiminn's Antique Armour Boutique.
  4574 | D:4      | Found a transporter.
  4740 | D:4      | Found a radiant altar of Vehumet.
  4936 | D:5      | Entered Level 5 of the Dungeon
  4974 | D:5      | Found a staircase to the Ecumenical Temple.
  4990 | Temple   | Entered the Ecumenical Temple
  5031 | Temple   | Became a worshipper of Warmaster Okawaru
  5063 | D:5      | Reached skill level 1 in Stealth
  5164 | D:5      | Reached skill level 6 in Long Blades
  5303 | D:5      | Found a transporter.
  5307 | D:5      | Found a transporter.
  5325 | D:5      | Noticed manix's ghost (novice KoAM)
  5972 | D:6      | Reached * piety under Okawaru
  5984 | D:6      | HP: 2/62 [poisoned by an orc wizard]
  6597 | D:6      | Reached XP level 8. HP: 65/70 MP: 7/7
  6702 | D:6      | Noticed Sigmund
  6719 | D:6      | Killed Sigmund
  6720 | D:6      | Reached skill level 7 in Long Blades
  6990 | D:6      | Noticed a troll
  6995 | D:6      | Killed a troll
  6996 | D:6      | Reached skill level 8 in Long Blades
  7095 | D:6      | Reached ** piety under Okawaru
  7105 | D:6      | Noticed Menkaure
  7111 | D:6      | Killed Menkaure
  7787 | D:7      | Reached XP level 9. HP: 76/78 MP: 8/8
  7797 | D:7      | Reached skill level 9 in Long Blades
  8713 | D:8      | Reached *** piety under Okawaru
  9069 | D:8      | Noticed a troll
  9082 | D:8      | HP: 2/79 [troll (10)]
  9082 | D:8      | Mangled by a troll

Illustrated notes

Levels and vault maps discovered:
D:1:      evilmike_arrival_crescent, layout_loops_corners, serial_shops,
          shop_statue, shop, shop, nicolae_diamond_shop,
          hangedman_decor_clover_reticule, chequers_serial_rivers_micro_b,
          minmay_misc_feat_iff
D:2:      layout_basic, serial_rivers, chequers_serial_rivers_large_a,
          chequers_serial_rivers_micro_a, chequers_serial_rivers_small_a,
          chequers_serial_rivers_micro_b, grunt_ministairs_11
D:3:      layout_loops_ring, dreamdust_ecumenical_altar_grove,
          roderic_lattice_a, minivault_26, minmay_checkerbox, uniq_ijyb,
          uniq_crazy_yiuf_cottage
D:4:      cheibrodos_fertilizer, layout_cave_pools,
          mainiacjoe_overflow_small_starburst, gammafunk_ghost_mausoleum,
          nicolae_wooded_promenade, nicolae_concentric_dashed_squares_mild,
          uniq_grinder, uniq_natasha
D:5:      cheibrodos_quashed, layout_basic, minmay_temple_entry_large_hall,
          gammafunk_ghost_hive, minmay_crossroads
D:6:      layout_basic, due_unseen_surprise, uniq_sigmund, uniq_menkaure
D:7:      layout_basic, lemuel_old_faithful
D:8:      layout_basic, ebering_ghost_rock_garden, minmay_misc_feat_rugged,
          serial_bayou_lake_a
Temple:   dpeg_three_leaves_temple

Skill      XL: |  1  2  3  4  5  6  7  8  9 |
---------------+----------------------------+-----
Fighting       | 4 5 6 7 |  7.1
Shields        | 4 5 6 |  6.5
Armour         | 4 5 6 8 |  8.3
Long Blades    | 3 5 6 8 9 |  9.9
Dodging        | 1 2 |  2.5
Stealth        | 1 |  1.7
Invocations    | |  0.2

Action                   |  1- 3 |  4- 6 |  7- 9 || total
-------------------------+-------+-------+-------++-------
Melee: Long sword        |    90 |    92 |   237 ||   419
       Headbutt          |    11 |    16 |    45 ||    72
Invok: Heroism           |       |       |     1 ||     1
Evoke: Wand              |       |       |     1 ||     1
  Use: Scroll            |       |       |     7 ||     7
       Potion            |       |       |     2 ||     2
Armor: Scale mail        |    41 |    31 |    62 ||   134
       Chain mail        |       |       |    27 ||    27
       Plate armour      |       |       |    49 ||    49
Dodge: Dodged            |    50 |    45 |    77 ||   172
Block: Buckler           |    23 |    25 |    59 ||   107
